 Dungeon Crawl Stone Soup version 0.29-a0-234-g0dae59b3db (webtiles) character file.

Game seed: 9665910179433306900

1332 lunkers the Geomancer (level 8, -5/52 HPs)
             Began as a Vampire Earth Elementalist on Mar 2, 2022.
             Was an Initiate of Vehumet.
             Slain by an orc warrior
             ... wielding a +0 war axe
              (15 damage)
             ... on level 5 of the Dungeon.
             The game lasted 00:08:43 (5518 turns).

lunkers the Geomancer (Vampire Earth Elementalist)  Turns: 5518, Time: 00:08:43

Health: -5/52      AC:  1    Str:  7    XL:     8   Next: 34%
Magic:  4/16       EV: 12    Int: 21    God:    Vehumet [......]
Gold:   322        SH:  0    Dex: 15    Spells: 12/18 levels left

rFire   + . .      SeeInvis +   a - +5 dagger of the Fool {spect, *Noise Fly Int+2}
rCold   + . .      Faith    .   (no shield)
rNeg    . . .      Spirit   .   e - +1 robe {rF+}
rPois   .          Reflect  .   m - +1 helmet
rElec   .          Harm     .   (no cloak)
rCorr   .          Rampage  .   (no gloves)
Will    .....                   (no boots)
Stlth   ++........              (no amulet)
HPRegen 0.37/turn               t - +4 ring of slaying
MPRegen 0.15/turn               x - ring of protection from cold

@: corroded, flying, healing quickly
A: alive, fangs 3, see invisible, vampiric 2
a: Exsanguinate, Renounce Religion


You were on level 5 of the Dungeon.
You worshipped Vehumet.
Vehumet was noncommittal.
You visited 2 branches of the dungeon, and saw 7 of its levels.

You collected 322 gold pieces.

Inventory:

Hand Weapons
 a - the +5 dagger of the Fool (weapon) {spect, *Noise Fly Int+2}
   (You found it on level 5 of the Dungeon)

   When its wielder attacks, the weapon's spirit leaps out and strikes again.
   The spirit shares a part of any damage it takes with its wielder.
   Int:       It affects your intelligence (+2).
   Fly:       It grants you flight.
   *Noise:    It may make noises in combat.
 c - a +1 short sword of protection
 i - a +2 vampiric dagger
 n - a +3 dagger
Missiles
 u - a throwing net
 w - 140 stones
Armour
 b - a +0 robe
 e - a +1 robe of fire resistance (worn)
 m - a +1 helmet (worn)
 y - +0 acid dragon scales
Jewellery
 t - a +4 ring of slaying (left hand)
 x - a ring of protection from cold (right hand)
Scrolls
 h - a scroll of amnesia {unknown}
 k - a scroll of silence {unknown}
 p - 2 scrolls of vulnerability {unknown}
 r - 4 scrolls of identify {unknown}
 s - 2 scrolls of teleportation {unknown}
 v - a scroll of fear {unknown}
 A - a scroll of magic mapping {unknown}
 B - a scroll of immolation {unknown}
Potions
 d - 3 potions of flight {unknown}
 f - 2 potions of curing {unknown}
 g - a potion of attraction {unknown}
 j - a potion of invisibility {unknown}
 l - 4 potions of mutation {unknown}
 o - 2 potions of lignification {unknown}
 q - a potion of cancellation {unknown}
 z - a potion of brilliance {unknown}


   Skills:
 - Level 2.1 Dodging
 - Level 3.0 Stealth
 + Level 5.7 Spellcasting
 - Level 1.1 Transmutations
 * Level 8.9 Earth Magic


You had 12 spell levels left.
You knew the following spells:

 Your Spells              Type           Power      Damage    Failure   Level
a - Stone Arrow           Conj/Erth      48%        3d10      4%          3
b - Passwall              Tmut/Erth      22%        N/A       1%          2
c - Sandblast             Erth           86%        2d18      1%          1

Your spell library contained the following spells:

 Spells                   Type           Power      Damage    Failure   Level
 Magic Dart               Conj           24%        1d4       10%         1
 Foxfire                  Conj/Fire      24%        2x1d5     10%         1
 Petrify                  Tmut/Erth      27%        N/A       13%         4
 Conjure Flame            Conj/Fire      6%         6-21      30%         3
 Inner Flame              Hex/Fire       6%         N/A       30%         3
 Borgnjor's Vile Clutch   Necr/Erth      12%        N/A       41%         5
 Animate Dead             Necr           3%         N/A       69%         4
 Flame Wave               Conj/Fire      6%         2d5       69%         4
 Death Channel            Necr           3%         N/A       100%        6


Dungeon Overview and Level Annotations

Branches:
Dungeon (6/15)             Temple (1/1) D:4

Altars:
Ashenzari
Cheibriados
Elyvilon
Fedhas
Gozag
Hepliaklqana
Makhleb
Nemelex Xobeh
Okawaru
Ru
Sif Muna
Trog
Vehumet
Wu Jian
Xom
Yredelemnul
Zin


Innate Abilities, Weirdness & Mutations

Your natural rate of healing is accelerated.
You have razor-sharp teeth.
You have supernaturally acute eyesight. (SInv)
You are afflicted with vampirism and can become a bat while bloodless.


Message History

The orc warrior shouts!
The orc shouts!
The orc priest shouts!
The jelly quivers.
The orc priest shouts!
The orc warrior curses loudly.
The orc warrior closely misses you.
An orc comes into view. It is wielding a +0 short sword.
The orc shouts!
Casting: Stone Arrow (dangerous; 4% risk of failure)
Confirm with . or Enter, or press ? or * to list all spells.
The stone arrow hits the orc warrior!
The orc warrior is almost dead.
The orc priest calls upon Beogh to heal the orc warrior.
The orc warrior is healed somewhat.
The orc priest calls down the wrath of Beogh upon you.
Beogh smites you! The orc warrior misses you. The jelly hits you.
The acid corrodes you!
You are splashed with acid.
The orc priest invokes the aid of Beogh against you.
Beogh smites you!
* * * LOW HITPOINT WARNING * * *
You fly upwards.
There is a stone staircase leading down here.
Casting: Stone Arrow (dangerous; 4% risk of failure)
Confirm with . or Enter, or press ? or * to list all spells.
Aiming: Stone Arrow (dangerous; 4% risk of failure)
Press: ? - help, Shift-Dir - straight line, f - orc warrior
Aim: an orc warrior, wielding a +0 war axe and wearing a +0 chain mail (almost dead, 68% to hit)
The stone arrow misses the orc warrior.
The orc priest misses you. The jelly barely misses you.
The orc warrior hits you with a +0 war axe!
* * * LOW HITPOINT WARNING * * *
Casting: Stone Arrow (dangerous; 4% risk of failure)
Confirm with . or Enter, or press ? or * to list all spells.
Aiming: Stone Arrow (dangerous; 4% risk of failure)
Press: ? - help, Shift-Dir - straight line, f/p - orc warrior
Aim: an orc warrior, wielding a +0 war axe and wearing a +0 chain mail (almost dead, 68% to hit)
The stone arrow hits the orc warrior.
The orc warrior is almost dead.
The orc priest closely misses you. The jelly barely misses you.
The orc warrior hits you with a +0 war axe!
You die...

#<........#....###.#
#.....#####
#...........#### #.#
##..####... #.........###
#.####........##
#...........###
##.#....########
#.........#...###....####
#.........###......###
######..###.........#####
#..# #....o.##.....###
#..# #....o@######...###
#..# #....J.#
#####...##### #..#
######## ##............
#.>### #..#########.#
#....# ##....# #.. #.##[#
####.## ##. ##.##.# #..#
## #..#..# ##.## #.##.##
####<.#


You could see an orc warrior, a jelly and an orc priest.

Vanquished Creatures
  Sigmund (D:3)
  An acid dragon (D:5)
  A water moccasin (D:5)
  A kobold brigand (D:4)
  3 necrophages (D:4)
  4 scorpions
  A jelly (D:5)
  2 hounds (D:5)
  An iguana (D:4)
  Natasha (twice) (D:4)
  3 orc wizards (D:3)
  Robin (D:2)
  9 adders
  2 ufetubi
  5 worms
  6 dart slugs
  4 orcs (D:3)
  8 ball pythons
  7 bats
  10 endoplasms
  8 giant cockroaches
  10 goblins
  11 hobgoblins
  3 jackals (D:1)
  5 kobolds
  4 quokkas
  5 frilled lizards
  9 rats
127 creatures vanquished.

Notes
Turn   | Place    | Note
-------+----------+-------------------------------------------
     0 | D:1      | lunkers the Vampire Earth Elementalist began the quest for
                  | the Orb.
     0 | D:1      | Reached XP level 1. HP: 13/13 MP: 3/3
    55 | D:1      | Reached XP level 2. HP: 19/19 MP: 0/5
   444 | D:1      | Gained mutation: You are afflicted with vampirism and can
                  | become a bat while bloodless. [Vampire growth]
   444 | D:1      | Reached XP level 3. HP: 24/24 MP: 3/6
   677 | D:1      | Reached skill level 4 in Earth Magic
  1287 | D:2      | Reached XP level 4. HP: 30/30 MP: 6/8
  1663 | D:3      | Noticed Robin
  1672 | D:2      | Killed Robin
  1805 | D:2      | Learned a level 2 spell: Passwall
  1809 | D:2      | Learned a level 3 spell: Stone Arrow
  2010 | D:3      | Noticed Sigmund
  2020 | D:3      | Killed Sigmund
  2021 | D:3      | Reached skill level 5 in Earth Magic
  2021 | D:3      | Reached XP level 5. HP: 33/35 MP: 0/10
  2021 | D:3      | Reached XP level 6. HP: 39/41 MP: 0/11
  2191 | D:3      | Reached skill level 6 in Earth Magic
  2866 | D:4      | Found a staircase to the Ecumenical Temple.
  2878 | Temple   | Entered the Ecumenical Temple
  3034 | Temple   | Became a worshipper of Vehumet
  3158 | D:4      | Reached XP level 7. HP: 42/46 MP: 0/13
  3442 | D:4      | Noticed Natasha
  3444 | D:4      | Killed Natasha
  3501 | D:4      | Reached skill level 7 in Earth Magic
  3528 | D:4      | Identified the +8 quarterstaff "Houz" {antimagic, Stlth+}
  4567 | D:4      | Noticed Natasha
  4570 | D:4      | Killed Natasha
  4604 | D:5      | Entered Level 5 of the Dungeon
  4678 | D:5      | Identified the +5 dagger of the Fool {spect, *Noise Fly
                  | Int+2}
  4681 | D:5      | Reached skill level 5 in Spellcasting
  4756 | D:5      | Reached skill level 8 in Earth Magic
  4756 | D:5      | Reached XP level 8. HP: 25/52 MP: 5/15
  5319 | D:5      | Reached * piety under Vehumet
  5319 | D:5      | Offered knowledge of Magic Dart by Vehumet.
  5423 | D:5      | Found a snail-covered altar of Cheibriados.
  5518 | D:5      | Slain by an orc warrior

Illustrated notes

Levels and vault maps discovered:
D:1:      scummos_arrival_star, layout_rooms
D:2:      kennysheep_six_static_rooms, layout_basic
D:3:      layout_loops_ring, uniq_sigmund, uniq_robin
D:4:      layout_loops_cross, minmay_temple_entry_mist, kennysheep_doodads,
          minmay_misc_feat_plants, uniq_natasha
D:5:      layout_rooms, cheibriados_altar_1
D:6:      layout_cave_pools, serial_shops, nicolae_shop_advertising_works
          [nicolae_subvault_shop_adworks], hangedman_abyss_or_decor_passed,
          grunt_ministairs_7, minmay_misc_feat_columns, solitary_fountain
Temple:   lightli_temple_of_artemis

Skill      XL: |  1  2  3  4  5  6  7 |
---------------+----------------------+-----
Earth Magic    | 4 5 6 8 |  8.9
Spellcasting   | 3 4 5 |  5.7
Dodging        | |  2.1
Stealth        | |  3.0
Transmutations | |  1.1

Action                   |  1- 3 |  4- 6 |  7- 9 || total
-------------------------+-------+-------+-------++-------
Melee: Unarmed           |    18 |       |       ||    18
       Bite              |     3 |     7 |       ||    10
       Short sword       |    14 |       |       ||    14
       Dagger            |       |    34 |     4 ||    38
 Cast: Sandblast         |    58 |    49 |     4 ||   111
       Stone Arrow       |       |    26 |    53 ||    79
Armor: Robe              |    16 |    10 |     3 ||    29
Dodge: Dodged            |    30 |    49 |    12 ||    91

Table legend: (Time is in decaauts)
 A = Elapsed time spent in this place.
 B = Non-inter-level travel time spent in this place.
 C = Inter-level travel time spent in this place.
 D = Time resting spent in this place.
 E = Time spent auto-exploring this place.
 F = Levels seen in this place.
 G = Mean time per level.
                   A        B        C        D        E       F      G
               +--------+--------+--------+--------+--------+-----+--------+
         Total |   5522 |   5446 |     76 |    149 |   4564 |   7 |  788.9 |
       Dungeon |   5357 |   5281 |     76 |    149 |   4424 |   6 |  892.8 |
        Temple |    164 |    164 |      0 |      0 |    140 |   1 |  164.0 |
               +--------+--------+--------+--------+--------+-----+--------+

Top non-repeatable levels by time:
     D:4: 1578 daAuts
     D:2: 1047 daAuts
     D:3: 1042 daAuts
     D:5: 909 daAuts
     D:1: 775 daAuts
  Temple: 164 daAuts
     D:6: 3 daAuts
